 Dungeon Crawl Stone Soup version 0.21.0-37-g46506fa (webtiles) character file.

293 Zhenya24pyc the Cudgeler (level 6, 0/40 HPs)
             Began as a Gargoyle Fighter on Feb 1, 2018.
             Slain by an ogre
             ... wielding a +0 giant spiked club
              (10 damage)
             ... on level 4 of the Dungeon.
             The game lasted 00:05:10 (3286 turns).

Zhenya24pyc the Cudgeler (Gargoyle Fighter)         Turns: 3286, Time: 00:05:11

Health: 0/40       AC: 11    Str: 22    XL:     6   Next: 33%
Magic:  6/6        EV:  7    Int:  8    God:
Gold:   209        SH:  9    Dex:  9    Spells: 5/5 levels left

rFire    . . .     SeeInvis +   a - +0 flail
rCold    . . .     Gourm    .   c - +0 shield
rNeg     + . .     Faith    .   b - +0 scale mail
rPois    ∞         Spirit   .   (no helmet)
rElec    +         Reflect  .   (no cloak)
rCorr    .         Harm     .   (no gloves)
MR       .....                  (no boots)
Stlth    ..........             (no amulet)
HPRegen  0.13/turn              n - ring of see invisible
MPRegen  0.10/turn              (no ring)

@: no status effects
A: negative energy resistance 1, electricity resistance, unbreathing,
petrification resistance, rot immunity, AC +4
a: no special abilities


You were on level 4 of the Dungeon.
You were not hungry.

You visited 1 branch of the dungeon, and saw 4 of its levels.

You collected 209 gold pieces.

Inventory:

Hand Weapons
 a - a +0 flail (weapon)
Armour
 b - a +0 scale mail (worn)
 c - a +0 shield (worn)
Jewellery
 n - a ring of see invisible (left hand)
Wands
 q - a wand of random effects (24)
Scrolls
 g - a scroll of magic mapping {unknown}
 h - 3 scrolls of blinking {unknown}
 i - 3 scrolls of amnesia {unknown}
 l - 6 scrolls of teleportation {unknown}
 m - 2 scrolls of identify {unknown}
 o - a scroll of immolation {unknown}
 p - a scroll of noise {unknown}
 s - a scroll of enchant armour {unknown}
 t - a scroll of fear {unknown}
 v - a scroll of remove curse {unknown}
Potions
 d - 2 potions of might
 e - a potion of brilliance {unknown}
 j - 2 potions of heal wounds {unknown}
 k - a potion of flight {unknown}
 r - a potion of mutation {unknown}
 u - a potion of agility {unknown}
Comestibles
 f - 7 rations


   Skills:
 + Level 5.0 Fighting
 * Level 5.4 Maces & Flails
 - Level 3.2 Armour
 - Level 3.2 Shields


You had 5 spell levels left.
You didn't know any spells.

Dungeon Overview and Level Annotations

Branches:
Dungeon (4/15)
 Temple: D:4-7

Altars:


Innate Abilities, Weirdness & Mutations

You are resistant to torment.
Your stone body is resilient. (AC +4)
You are immune to poison.
You resist negative energy. (rN+)
You are resistant to electric shocks. (rElec)
You can survive without breathing.
You are immune to petrification.
You are immune to rotting.


Message History

You block the iguana's attack.
You sock the iguana!
The iguana is severely wounded.
The iguana bites you but does no damage.
You hit the iguana.
You kill the iguana!
The orc hits you with a dagger.
You sock the orc!
You kill the orc!
You completely miss the ogre.
The ogre hits you with a giant spiked club!!
Ouch! That really hurt!
* * * LOW HITPOINT WARNING * * *
You hit the ogre.
The ogre is lightly wounded.
You block the ogre's attack.
You sock the ogre!
The ogre is moderately wounded.
The ogre hits you with a giant spiked club!
You die...

.#< ### ## .. ... ..#
#. ..#..### ... #.# #.
.....#).# ... #.# #.
.....#...##.#
#.#######. ...##..J#.#
##......... #..##.O#.#+
##...#######
##...###@..###....# #
#........8........#
#.#....###...###...##
#.....## +#.#+ ##..#
####.## #.# ##.# #.#
##.## #.# ..#####.#
##...## #.#
#.......####.....####.#
#.#####...............#
##


You could see an ogre and a jelly.

Vanquished Creatures
  A hound (D:4)
  3 iguanas
  10 adders
  An ooze (D:2)
  3 worms (D:3)
  A dart slug (D:1)
  3 leopard geckos (D:2)
  8 orcs
  7 bats
  A giant cockroach (D:3)
  5 goblins
  9 hobgoblins
  10 kobolds
  3 quokkas
  3 frilled lizards
  11 rats
79 creatures vanquished.

Notes
Turn   | Place    | Note
-------+----------+-------------------------------------------
     0 | D:1      | Zhenya24pyc the Gargoyle Fighter began the quest for the Orb.
     0 | D:1      | Reached XP level 1. HP: 14/14 MP: 1/1
   206 | D:1      | Reached XP level 2. HP: 18/19 MP: 2/2
   913 | D:2      | Reached XP level 3. HP: 7/24 MP: 3/3
  1322 | D:2      | Reached XP level 4. HP: 29/29 MP: 4/4
  2108 | D:3      | Reached XP level 5. HP: 33/34 MP: 5/5
  3023 | D:3      | Reached skill level 5 in Maces & Flails
  3150 | D:4      | Reached XP level 6. HP: 22/40 MP: 6/6
  3272 | D:4      | Reached skill level 5 in Fighting
  3286 | D:4      | Slain by an ogre

Skill      XL: |  1  2  3  4  5  6 |
---------------+-------------------+-----
Maces & Flails | 3 4 5 |  5.4
Fighting       | 4 5 |  5.0
Armour         | |  3.2
Shields        | |  3.2

Action                   |  1- 3 |  4- 6 || total
-------------------------+-------+-------++-------
Melee: Flail             |   153 |   238 ||   391
  Eat: Chunk             |     2 |     6 ||     8
Armor: Scale mail        |    91 |   138 ||   229
Dodge: Dodged            |    52 |    85 ||   137
Block: Shield            |    97 |   145 ||   242
